 Dungeon Crawl Stone Soup version 0.24.0-123-gd5b16e6ec5 (webtiles) character file.

Game seed: 15242021410249935725, levelgen mode: deterministic

50817 bonsai the Protected (level 14, -1/113 HPs)
             Began as a Barachi Fighter on Jan 17, 2020.
             Was a High Priest of Cheibriados.
             Slain by an ogre mage
             ... wielding a +0 spear
              (5 damage)
             ... on level 15 of the Dungeon on Jan 18, 2020.
             The game lasted 00:57:23 (17518 turns).

bonsai the Protected (Barachi Fighter)             Turns: 17518, Time: 00:57:24

Health: -1/113     AC: 25    Str: 36    XL:     14   Next: 56%
Magic:  11/21      EV:  8    Int: 24    God:    Cheibriados [*****.]
Gold:   966        SH: 16    Dex: 30    Spells: 13/13 levels left

rFire    + . .     SeeInvis .   a - +6 flail (crush)
rCold    + . .     Gourm    .   c - +0 shield
rNeg     . . .     Faith    .   T - +3 chain mail {rC+}
rPois    +         Spirit   .   P - +2 hat {MR+}
rElec    .         Reflect  .   N - +0 cloak
rCorr    .         Harm     .   s - +1 pair of gloves
MR       ++...     Rnd*Tele +   u - +0 pair of boots of the First Snow {rF+ Dex+5}
Stlth    ..........             Y - amulet of the acrobat
HPRegen  0.28/turn              k - ring of poison resistance
MPRegen  0.17/turn              h - +3 ring of intelligence

@: slowed, very slow
A: +LOS, swims, iridescent scales 1, slowness 1, teleportitis 1, no potion heal
1, strong legs 2
a: Hop, Bend Time, Temporal Distortion, Slouch, Step From Time, Renounce
Religion


You were on level 15 of the Dungeon.
You worshipped Cheibriados.
Cheibriados was extremely pleased with you.
You were not hungry.

You visited 2 branches of the dungeon, and saw 16 of its levels.

You collected 966 gold pieces.

Inventory:

Hand Weapons
 a - a +6 flail of crushing (weapon)
 o - a +0 war axe
 H - a +5 spear of freezing
Missiles
 r - 18 boomerangs
 B - a throwing net
 I - 15 poisoned darts (quivered)
Armour
 c - a +0 shield (worn)
 e - a +1 pair of boots
 s - a +1 pair of gloves (worn)
 u - the +0 pair of boots of the First Snow (worn) {rF+ Dex+5}
   (You found it on level 14 of the Dungeon)

   It affects your dexterity (+5).
   It protects you from fire.
 L - a scarf of resistance
 N - a +0 cloak (worn)
 P - a +2 hat of magic resistance (worn)
 T - a +3 chain mail of cold resistance (worn)
Jewellery
 h - a +3 ring of intelligence (right hand)
 k - a ring of poison resistance (left hand)
 q - an uncursed ring of wizardry
 t - an uncursed ring of protection from fire
 D - an uncursed ring of flight
 Y - an amulet of the acrobat (around neck)
Wands
 p - a wand of clouds (7)
 w - a wand of acid (3)
 z - a wand of paralysis (3)
 A - a wand of flame (33)
 G - a wand of digging (4)
 K - a wand of enslavement (10)
 O - a wand of iceblast (13)
Scrolls
 b - a scroll of silence
 i - 5 scrolls of remove curse
 j - a scroll of fog
 m - a scroll of magic mapping
 y - a scroll of amnesia
 C - a scroll of torment {unknown}
 E - 4 scrolls of enchant armour
 J - 4 scrolls of immolation
 M - 2 scrolls of enchant weapon
 R - 3 scrolls of identify
 Z - 2 scrolls of acquirement {unknown}
Potions
 d - 2 potions of might
 g - 2 potions of ambrosia {unknown}
 l - 6 potions of curing
 n - 2 potions of haste
 v - a potion of brilliance {unknown}
 x - 4 potions of resistance
 F - 2 potions of agility
 Q - a potion of heal wounds
 S - 2 potions of flight
 U - a potion of cancellation {unknown}
 X - 3 potions of lignification {unknown}
Miscellaneous
 W - a phantom mirror
Comestibles
 f - 28 rations


   Skills:
 + Level 11.3 Fighting
 + Level 9.5(11.5) Axes
 - Level 10.7(12.0) Maces & Flails
 + Level 7.5 Throwing
 + Level 12.5 Armour
 - Level 0.4 Stealth
 + Level 11.5 Shields
 * Level 9.4 Invocations
 - Level 5.5 Evocations


You had 13 spell levels left.
You didn't know any spells.
Your spell library contained the following spells:

 Spells                   Type           Power        Failure   Level  Hunger
 Sting                    Conj/Pois      #...         54%         1    ##.....
 Static Discharge         Conj/Air       #.......     89%         3    ####...
 Bolt of Magma            Conj/Fire/Erth #.........   100%        5    ######.
 Lightning Bolt           Conj/Air       #.........   100%        5    ######.
 Bolt of Cold             Conj/Ice       #.........   100%        6    #######
 Haunt                    Necr/Summ      #.........   100%        7    #######
 Borgnjor's Revivificati  Necr           #.........   100%        8    #######
 Death's Door             Chrm/Necr      #.........   100%        8    #######
 Ignition                 Fire           #.........   100%        8    #######
 Infestation              Necr           #.........   100%        8    #######
 Necromutation            Tmut/Necr      #.........   100%        8    #######
 Shatter                  Erth           #.........   100%        9    #######
 Tornado                  Air            #.........   100%        9    #######


Dungeon Overview and Level Annotations

Branches:
Dungeon (15/15)            Temple (1/1) D:5            Lair (0/6) D:11
    Orc (0/2) D:10         Vaults (0/5) D:14
 Depths: D:15

Altars:
Cheibriados
Elyvilon
Fedhas
Gozag
Hepliaklqana
Makhleb
Nemelex Xobeh
Okawaru
Qazlal
Ru
Sif Muna
Trog
Uskayaw
Vehumet
Wu Jian
Yredelemnul
Zin
The Shining One

Shops:
D:13 (

Portals:
Trove: D:11 (give 11 potions of heal wounds)

Annotations:
D:2 exclusion: 2 downstairs
D:3 exclusion: downstairs
D:9 1 runed translucent door
D:10 exclusion: 2 obsidian statues
D:11 3 runed translucent doors, exclusion: obsidian statue, Mietzsche's ghost, journeyman MiFi
D:14 exclusion: downstairs


Innate Abilities, Weirdness & Mutations

Shadows flee at your approach. (+LOS)
You can swim through water.
You cover ground slowly.
You can hop long distances.
You are partially covered in iridescent scales. (AC +2)
You are occasionally teleported next to monsters.
Potions are less effective at restoring your health.


Message History

The centaur shoots an arrow.
The arrow hits you but does no damage. The cyan ugly thing engulfs you.
* * * LOW HITPOINT WARNING * * *
The cyan ugly thing shocks you!
* * * LOW HITPOINT WARNING * * *
The cyan ugly thing tail-slaps you but does no damage.
You step out of the flow of time.
You return to the normal time flow.
You feel somewhat more hungry.
Cheibriados lowers the support of your attributes as your movement quickens.
The ogre mage shouts!
You block the ogre mage's attack.
Hop to where?
Press: ? - help, Dir - move target cursor
Okay, then.
Unknown command.
The centaur shouts!
The centaur wields a +0 shortbow.
The centaur shoots an arrow.
The arrow hits you but does no damage.
The ogre mage hits you from afar with a +0 spear.
You die...

#.....(.# #.......#
#.......# #...W...#
#.......# #......<#
#...)...# ######
#######((.....###
......
.c......@........)..$
......
(....................
......
......O.........?....
......
................c....
......
.....................
......
.....................
......
!..........Z....$....
######
#######.......#######
#.......#


You could see a centaur warrior (wandering), an ogre mage, a shadow, a centaur
and a centaur warrior skeleton.

Vanquished Creatures
  Kirke (D:13)
  Gastronok (D:8)
  Nessos (D:14)
  A vault guard (D:14)
  3 hydras
  4 centaur warriors
  7 two-headed ogres
  Nergalle (D:12)
  A wizard (D:14)
  A necromancer (D:14)
  4 unseen horrors
  An orc knight (D:14)
  Pikel (D:4)
  5 cyclopes
  9 ugly things
  5 manticores
  Maurice (D:13)
  A guardian serpent (shapeshifter) (D:14)
  2 gargoyles
  A kobold demonologist (D:13)
  2 komodo dragons
  A yaktaur (shapeshifter) (D:13)
  A yaktaur (D:9)
  4 trolls
  A queen bee (D:8)
  A tyrant leech (D:12)
  2 hornets
  Prince Ribbit (D:7)
  4 hippogriffs
  2 shadows
  5 vampires
  2 wraiths
  2 wyverns
  A hog (D:13)
  20 humans (D:14)
  5 hungry ghosts
  20 yaks
  A steam dragon (D:8)
  9 vampire mosquitoes
  2 acid dragons (D:13)
  A soldier ant (D:12)
  2 water moccasins
  2 sky beasts
  2 ice beasts
  A slave (D:4)
  A hornet zombie (D:14)
  5 phantoms
  3 black bears
  2 eyes of draining
  11 orc warriors
  11 ogres
  6 centaurs
  A crocodile (D:10)
  11 bullfrogs
  6 big kobolds
  A gnoll sergeant (D:7)
  A wyvern skeleton (D:14)
  4 scorpions
  19 killer bees
  13 wights
  5 howler monkeys
  9 crimson imps
  A bullfrog zombie (D:12)
  4 quasits
  3 centaur zombies
  4 jellies
  9 orc priests
  6 hounds
  A bullfrog skeleton (D:11)
  15 orc wizards
  Crazy Yiuf (D:7)
  5 centaur skeletons
  6 iguanas
  7 worker ants
  A killer bee zombie (D:6)
  2 worker ant zombies
  3 gnolls (D:7)
  A howler monkey skeleton (D:6)
  9 adders
  An ooze (D:5)
  2 adder zombies
  An adder skeleton (D:6)
  2 worms
  A dart slug (D:2)
  7 leopard geckos
  59 orcs
  2 ball pythons
  2 giant cockroaches
  7 goblins
  6 hobgoblins
  9 jackals
  5 quokkas
  4 bats
  7 frilled lizards
  2 jackal skeletons
  25 kobolds
  9 rats
483 creatures vanquished.

Vanquished Creatures (others)
  A human (D:13)
  4 plants (D:11)
5 creatures vanquished.

Grand Total: 488 creatures vanquished

Notes
Turn   | Place    | Note
-------+----------+-------------------------------------------
     0 | D:1      | bonsai the Barachi Fighter began the quest for the Orb.
     0 | D:1      | Reached XP level 1. HP: 18/18 MP: 1/1
   288 | D:1      | Reached XP level 2. HP: 25/25 MP: 2/2
   337 | D:1      | Reached skill level 4 in Armour
   932 | D:2      | Reached XP level 3. HP: 30/30 MP: 3/3
   998 | D:2      | Found a sacrificial altar of Ru.
   999 | D:2      | Found a radiant altar of Vehumet.
  1449 | D:2      | Found a burning altar of Makhleb.
  1598 | D:2      | Found a basalt altar of Yredelemnul.
  1599 | D:2      | Found an ornate altar of the Wu Jian Council.
  1599 | D:2      | Found a sparkling altar of Nemelex Xobeh.
  1600 | D:2      | Found a glowing golden altar of the Shining One.
  1600 | D:2      | Found a white marble altar of Elyvilon.
  1656 | D:2      | Found a bloodstained altar of Trog.
  1671 | D:2      | Reached XP level 4. HP: 33/37 MP: 4/4
  2309 | D:2      | Reached XP level 5. HP: 43/43 MP: 5/5
  2626 | D:3      | Reached skill level 5 in Armour
  3008 | D:4      | Reached skill level 5 in Axes
  3008 | D:4      | Reached XP level 6. HP: 35/49 MP: 6/6
  3255 | D:4      | Noticed a slave
  3275 | D:4      | Killed a slave
  3363 | D:4      | Noticed Pikel
  3363 | D:4      | Noticed a slave
  3366 | D:4      | Noticed a slave
  3367 | D:4      | Noticed a slave
  3385 | D:4      | Killed Pikel
  3385 | D:4      | Reached skill level 5 in Fighting
  3385 | D:4      | Reached skill level 1 in Throwing
  3385 | D:4      | Reached skill level 6 in Armour
  3385 | D:4      | Reached XP level 7. HP: 56/56 MP: 7/7
  3838 | D:3      | Reached XP level 8. HP: 49/64 MP: 8/8
  4131 | D:5      | Entered Level 5 of the Dungeon
  4136 | D:5      | Found a staircase to the Ecumenical Temple.
  4205 | Temple   | Entered the Ecumenical Temple
  4213 | Temple   | Became a worshipper of Cheibriados the Contemplative
  4334 | D:5      | Found a blossoming altar of Fedhas.
  4576 | D:5      | Reached skill level 1 in Invocations
  4652 | D:5      | Found a sacrificial altar of Ru.
  4787 | D:5      | Reached skill level 7 in Armour
  5104 | D:6      | Reached * piety under Cheibriados
  5114 | D:6      | Reached XP level 9. HP: 69/69 MP: 10/10
  5416 | D:6      | Noticed a two-headed ogre
  5435 | D:7      | Reached skill level 1 in Maces & Flails
  5564 | D:7      | Noticed Prince Ribbit
  5577 | D:7      | Killed Prince Ribbit
  5591 | D:7      | Reached skill level 8 in Armour
  5818 | D:7      | Reached ** piety under Cheibriados
  6029 | D:6      | Killed a two-headed ogre
  6029 | D:6      | Reached skill level 5 in Maces & Flails
  6029 | D:6      | Reached XP level 10. HP: 23/79 MP: 6/13
  6298 | D:6      | Found an opulent altar of Gozag.
  6299 | D:6      | Found a stormy altar of Qazlal.
  7055 | D:7      | Found a shimmering blue altar of Sif Muna.
  7276 | D:7      | Found a runed translucent door.
  7277 | D:7      | Noticed Crazy Yiuf
  7609 | D:7      | Killed Crazy Yiuf
  7814 | D:8      | Noticed a cyclops
  7825 | D:8      | Killed a cyclops
  7825 | D:8      | Reached skill level 1 in Evocations
  7966 | D:8      | Reached *** piety under Cheibriados
  8165 | D:8      | Reached skill level 9 in Armour
  8257 | D:8      | Reached **** piety under Cheibriados
  8297 | D:8      | Reached skill level 5 in Invocations
  8599 | D:8      | Reached XP level 11. HP: 86/86 MP: 14/14
  8611 | D:8      | Noticed Gastronok
  8643 | D:8      | Killed Gastronok
  8908 | D:8      | Got a shimmering long sword
  8909 | D:8      | Identified the +5 long sword of Joluram {venom, Str+4
                  | Stlth+} (You found it on level 8 of the Dungeon)
  8940 | D:9      | Noticed a four-headed hydra
  8943 | D:9      | Found a runed translucent door.
  8966 | D:8      | Killed a four-headed hydra
  8988 | D:9      | Reached skill level 5 in Shields
  9005 | D:9      | Reached ***** piety under Cheibriados
  9166 | D:9      | Killed an unseen horror
  9323 | D:9      | Identified Jozeopn's Handbook of the Blaze and Arcane
                  | Weapons
  9749 | D:9      | Reached skill level 5 in Evocations
  9821 | D:9      | Found a glowing silver altar of Zin.
  9940 | D:10     | Entered Level 10 of the Dungeon
 10048 | D:10     | Found a staircase to the Orcish Mines.
 10319 | D:10     | Noticed an obsidian statue
 10319 | D:10     | Noticed an obsidian statue
 10427 | D:10     | Noticed a cyclops
 10646 | D:10     | Reached skill level 10 in Armour
 10806 | D:10     | Killed a cyclops
 10806 | D:10     | Reached XP level 12. HP: 94/94 MP: 16/16
 11232 | D:11     | Found a staircase to the Lair.
 11338 | D:11     | Reached skill level 5 in Throwing
 11350 | D:11     | Found a portal to a secret trove of treasure.
 11407 | D:11     | Found a hide-covered altar of Uskayaw.
 11421 | D:11     | Reached ****** piety under Cheibriados
 11643 | D:11     | Found a runed translucent gate.
 11643 | D:11     | Found a runed translucent gate.
 11644 | D:11     | Found a runed translucent gate.
 11644 | D:11     | Noticed Mietzsche's ghost (journeyman MiFi)
 11772 | D:11     | Noticed a two-headed ogre
 11783 | D:11     | Killed a two-headed ogre
 11788 | D:11     | Reached skill level 10 in Maces & Flails
 12205 | D:12     | Gained mutation: Potions are less effective at restoring
                  | your health. [potion of mutation]
 12205 | D:12     | Gained mutation: You are occasionally teleported next to
                  | monsters. [potion of mutation]
 12205 | D:12     | Gained mutation: You are partially covered in iridescent
                  | scales. (AC +2) [potion of mutation]
 12239 | D:12     | Noticed a seven-headed hydra
 12247 | D:12     | Killed a seven-headed hydra
 12667 | D:12     | You fall into a shaft and drop 1 floor!
 12710 | D:13     | Reached skill level 11 in Armour
 12917 | D:12     | Gained mutation: You can hop long distances. [Barachi
                  | growth]
 12917 | D:12     | Reached XP level 13. HP: 101/101 MP: 18/18
 13093 | D:12     | Found the +12 Vampire's Tooth {vamp}
 13226 | D:12     | Noticed Nergalle
 13237 | D:12     | Killed Nergalle
 14219 | D:13     | Noticed Maurice
 14220 | D:13     | Noticed Kirke
 14240 | D:13     | Killed Kirke
 14240 | D:13     | Reached skill level 10 in Fighting
 14258 | D:13     | Killed Maurice
 14714 | D:13     | Found Quvosal's Antique Weapon Shoppe.
 15029 | D:14     | Reached skill level 10 in Shields
 15192 | D:14     | Identified the +1 dagger of Efongon {pierce, +Blink rPois}
 15208 | D:14     | Reached skill level 12 in Armour
 15459 | D:14     | Noticed a vault guard
 15483 | D:14     | Killed a vault guard
 15520 | D:14     | Reached XP level 14. HP: 111/111 MP: 20/20
 15754 | D:14     | Found a gate to the Vaults.
 15869 | D:14     | Noticed Nessos
 15888 | D:14     | Killed Nessos
 16242 | D:14     | Found a radiant altar of Vehumet.
 16348 | D:14     | Got a pair of spiked boots
 16359 | D:14     | Identified the +0 pair of boots of the First Snow {rF+
                  | Dex+5} (You found it on level 14 of the Dungeon)
 16440 | D:15     | Entered Level 15 of the Dungeon
 17516 | D:15     | HP: 4/113 [cyan ugly thing (15)]
 17518 | D:15     | Slain by an ogre mage

Levels and vault maps discovered:
D:1:      minmay_arrival_arboretum_small, layout_loops_ring
D:2:      layout_basic, grunt_temple_overflow_open,
          chequers_temple_overflow_statue_of_worship, serial_glass,
          glass_columns_b, glass_columns_a, glass_columns_c, glass_columns_a,
          glass_columns_b, glass_columns_a, glass_columns_b, glass_columns_a,
          chequers_decorated_corner, bloody_makhleb
D:3:      layout_rooms, first_ration
D:4:      layout_rooms, kennysheep_generic_room_9, uniq_pikel
D:5:      layout_basic, fedhas_altar_fruit_tree, temple_fountains,
          nicolae_ru_path_of_blood
D:6:      layout_cave_pods, gammafunk_temple_overflow_wave
D:7:      cheibrodos_quashed, layout_loops_ring, old_standard_altar,
          grunt_tough_drop, uniq_prince_ribbit1, uniq_crazy_yiuf_cottage
D:8:      layout_rooms, david_nohive_1, uniq_gastronok
D:9:      minmay_the_grid_four_pointed_star_mashed
          [minmay_the_grid_triangle_9x9_alien,
          minmay_the_grid_triangle_9x9_subtriangle,
          minmay_the_grid_triangle_9x9_negative_grid,
          minmay_the_grid_triangle_9x9_sprig, minmay_the_grid_prize_trominoes],
          layout_basic, zin_scriptorium, lemuel_flamethrower_hall
D:10:     layout_stronghold, orc_0_dummy, hangedman_abyss_or_decor_passed,
          david_greed
D:11:     layout_gridville, david_lair_shrubbed, enter_trove_1,
          gammafunk_ghost_split, basic_altar, hangedman_decor_clover_reticule,
          minmay_protected_statue
D:12:     layout_layer_cave, minmay_guarded_unrand_vampires_tooth, uniq_nergalle
D:13:     kennysheep_spiral_hall, layout_long_grid, serial_shops,
          kennysheep_little_box, uniq_maurice, uniq_kirke
D:14:     layout_rooms, grunt_vaults_entry_tiered,
          chequers_serial_rivers_small_b, basic_altar, uniq_nessos
D:15:     grunt_enter_depths_snipers, layout_cross, hangedman_decor_peaks_small
Temple:   dpeg_three_leaves_temple

Skill      XL: |  1  2  3  4  5  6  7  8  9 10 11 12 13 14 |
---------------+-------------------------------------------+-----
Armour         | 4 5 6 7 8 9 10 11 12 | 12.5
Fighting       | 4 5 6 7 8 9 10 11 | 11.3
Axes           | 3 4 5 6 7 8 9 |  9.5
Throwing       | 1 2 3 4 5 6 7 |  7.5
Invocations    | 2 4 5 6 7 8 9 |  9.4
Maces & Flails | 5 7 9 10 | 10.7
Evocations     | 3 5 |  5.5
Shields        | 4 5 7 10 11 | 11.5
Stealth        | |  0.4

Action                   |  1- 3 |  4- 6 |  7- 9 | 10-12 | 13-15 || total
-------------------------+-------+-------+-------+-------+-------++-------
Melee: War axe           |   150 |   157 |   249 |    17 |       ||   573
       Flail             |       |       |   110 |   596 |   507 ||  1213
Throw: Boomerang         |       |    10 |    32 |   100 |    13 ||   155
       Dart              |       |       |       |    30 |    66 ||    96
Invok: Bend Time         |       |       |     3 |     4 |     7 ||    14
       Slouch            |       |       |       |     2 |     3 ||     5
       Step From Time    |       |       |       |       |     1 ||     1
 Abil: Hop               |       |       |     1 |     2 |     1 ||     4
Evoke: Wand              |       |     3 |       |     1 |     4 ||     8
  Use: Scroll            |       |     2 |     6 |     9 |    10 ||    27
       Potion            |       |       |       |     4 |     1 ||     5
 Stab: Paralysed         |       |       |       |       |     3 ||     3
  Eat: Chunk             |     3 |     7 |     7 |    15 |    10 ||    42
       Ration            |       |       |     1 |       |       ||     1
Armor: Scale mail        |    16 |       |       |       |       ||    16
       Chain mail        |    80 |    96 |   186 |   397 |   310 ||  1069
Dodge: Dodged            |    49 |    33 |    63 |   157 |   199 ||   501
Block: Shield            |   109 |    86 |   178 |   457 |   532 ||  1362
